 Dungeon Crawl Stone Soup version 0.29-a0-352-g0917bc69df (webtiles) character file.

Game seed: 12266516134445506546

4 spaghetti the Caller (level 1, 0/13 HPs)
             Began as a Barachi Summoner on Apr 24, 2022.
             Slain by a jackal (3 damage)
             ... on level 1 of the Dungeon.
             The game lasted 00:00:59 (155 turns).

spaghetti the Caller (Barachi Summoner)              Turns: 155, Time: 00:01:00

Health: 0/13       AC:  2    Str:  9    XL:     1   Next: 60%
Magic:  1/3        EV: 12    Int: 15    God:
Gold:   12         SH:  0    Dex: 12    Spells: 3/4 levels left

rFire   . . .      SeeInvis .   c - +0 dagger {short}
rCold   . . .      Faith    .   (no shield)
rNeg    . . .      Spirit   .   a - +0 robe
rPois   .          Reflect  .   (no helmet)
rElec   .          Harm     .   (no cloak)
rCorr   .          Rampage  .   (no gloves)
Will    .....                   (no boots)
Stlth   ++........              (no amulet)
HPRegen 0.04/turn               (no ring)
MPRegen 0.08/turn               (no ring)

@: invisible, slow
A: amphibious, slowness 1, strong legs 1, +LOS
a: Hop


You were on level 1 of the Dungeon.
You visited 1 branch of the dungeon, and saw 1 of its levels.

You collected 12 gold pieces.


Innate Abilities, Weirdness & Mutations

You are amphibious.
You cover ground slowly.
You can hop short distances.
You have an extended range of vision and can be seen from far away.


   Skills:
 - Level 2.1 Dodging
 - Level 1.7 Stealth
 - Level 2.1 Spellcasting
 + Level 5.1 Summonings


You had 3 spell levels left.
You knew the following spells:

 Your Spells              Type           Power      Damage    Failure   Level
a - Summon Small Mammal   Summ           68%        N/A       2%          1

Your spell library contained the following spells:

 Spells                   Type           Power      Damage    Failure   Level
 Call Imp                 Summ           17%        N/A       4%          2
 Call Canine Familiar     Summ           17%        N/A       8%          3
 Summon Guardian Golem    Hex/Summ       9%         N/A       22%         3
 Summon Lightning Spire   Summ/Air       9%         N/A       58%         4

Inventory:

Hand Weapons
 c - a +0 dagger (weapon) {short}
   (You found it on level 1 of the Dungeon)
Armour
 a - a +0 robe (worn)
Scrolls
 d - a scroll of identify {unknown}
 f - a scroll of vulnerability {unknown}
Potions
 b - a potion of magic
 e - a potion of invisibility

Dungeon Overview and Level Annotations

Branches:
Dungeon (1/15)

Altars:

.##.. ... .##.. .. . ..
.. ##. .. ##+# #.. .###
##.## #.# ... ##.. #.#
#g# # ##.# #.#####r##..#
##.#######......@....#
'..........###.#rh#......
##...####### #.##.# ....
####.# #.. ... .. + ....
#+###... # ###### ..... #
..#### # ### ..# ######<#
.#


You could see a jackal (can't see you, ally target), a goblin (can't see you,
ally target), a friendly quokka (summoned) and a friendly rat (summoned).


Message History

Your bat hits the jackal but does no damage.
You hit the jackal but do no damage.
Your bat closely misses the jackal.
The jackal bites you.
Your bat misses the jackal.
The jackal bites you but does no damage.
Your quokka bites the jackal.
The jackal bites you but does no damage.
Your bat hits the jackal but does no damage. 😕 HP[-2]
You take 2 damage, and now have 11/13 hp.
You closely miss the jackal.
Your bat closely misses the jackal.
The jackal closely misses you.
Your bat closely misses the jackal.
The jackal closely misses you.
Your quokka bites the jackal.
The jackal misses your quokka.
You barely miss the jackal. The jackal barely misses you.
Your bat closely misses the jackal.
Your quokka bites the jackal.
The jackal dies!
The jackal bites you but does no damage.
You hit the jackal.
Your bat closely misses the jackal.
The jackal misses you.
Your quokka bites the jackal.
You hit the jackal.
You kill the jackal!
Your Summonings skill increases to level 5!
Your quokka disappears in a puff of smoke!
Your bat disappears in a puff of smoke!
Key pressed, stopping explore.
e - 2 fizzy purple potions 😎 HP[+2] MP[+2]
Your hp is fully restored (13).
Your mp is fully restored (3).
f - a scroll labelled KETAXU HUUS As you open the door, it creaks loudly!
There is an open door here.
You now have 12 gold pieces (gained 5).
A jackal comes into view.
A jackal is nearby!
A jackal is nearby!
The jackal barks!
A jackal comes into view.
A goblin comes into view. It is wielding a +0 dagger.
You completely miss the jackal. The jackal misses you.
Casting: Summon Small Mammal (safe; 2% risk of failure)
Confirm with . or Enter, or press ? or * to list all spells.
The jackal barks!
The jackal barely misses you. The jackal bites you. 😕 HP[-1] MP[-1]
You take 1 damage, and now have 12/13 hp.
You lost 1 mp, and now have 2/3 mp.
Casting: Summon Small Mammal (safe; 2% risk of failure)
Confirm with . or Enter, or press ? or * to list all spells.
The goblin shouts!
The jackal bites you but does no damage.
Your rat bites the jackal. 😕 MP[-1]
You lost 1 mp, and now have 1/3 mp.
You barely miss the jackal. The jackal misses you.
The jackal bites you but does no damage.
The jackal bites you.
Your rat bites the jackal but does no damage. 😕 HP[-2]
You take 2 damage, and now have 10/13 hp.
You closely miss the jackal. The jackal bites you.
Your quokka completely misses the jackal.
The jackal bites you.
* * * LOW HITPOINT WARNING * * *
The jackal misses you.
Your rat closely misses the jackal. 😨 HP[-6]
You take 6 damage, and now have 4/13 hp.
MASSIVE DAMAGE!! (PAUSE) 🤖 Initializing magus.rc ...
Options error: Delay interrupt name "hungry" not recognised. (~/.crawlrc:4761) Options error: Bad monster_list_colour key: strict_neutral (~/.crawlrc:4776) ✅ Successfully initialized magus.rc [v1.9.6] Welcome back, spaghetti the Barachi Summoner.
Press ? for a list of commands and other information.
It was a potion of invisibility.
You fade into invisibility!
The jackal closely misses you.
Your quokka closely misses the jackal.
The jackal barely misses you.
Your rat bites the jackal.
Unknown command.
Really attack while wielding nothing? [Y]es or [N]o only, please.
Really attack while wielding nothing?
Okay, then.
Unknown command.
c - a +0 dagger (weapon)
{short} The jackal barely misses you.
The jackal completely misses you.
Your quokka closely misses the jackal.
You hit the jackal but do no damage. The jackal bites you.
* * * LOW HITPOINT WARNING * * *
The jackal barely misses you.
Your rat barely misses the jackal.
Your quokka bites the jackal.
The goblin misses your quokka. 😱 HP[-1]
You take 1 damage, and now have 3/13 hp.
You hit the jackal.
You kill the jackal!
The jackal completely misses you.
Your quokka bites the goblin.
Your rat bites the jackal but does no damage.
The goblin completely misses your quokka.
The jackal bites your rat.
You hit the jackal.
Your quokka bites the goblin.
The jackal bites you.
You die...

Skill      XL: |  1 |
---------------+----+-----
Summonings     | 5 |  5.1
Dodging        | |  2.1
Stealth        | |  1.7
Spellcasting   | |  2.1

Action                   || total
-------------------------++-------
Melee: Unarmed           ||     9
       Dagger            ||     3
 Cast: Summon Small Mamm ||     4
  Use: Potion            ||     1
Armor: Robe              ||     6
Dodge: Dodged            ||    17

Levels and vault maps discovered:
D:1:      minmay_arrival_jagged, layout_basic

Notes
Turn   | Place    | Note
-------+----------+-------------------------------------------
     0 | D:1      | spaghetti the Barachi Summoner began the quest for the Orb.
     0 | D:1      | Reached XP level 1. HP: 13/13 MP: 3/3
     0 | D:1      | magus.rc [v1.9.6]
    68 | D:1      | Reached skill level 5 in Summonings
   151 | D:1      | magus.rc [v1.9.6]
   153 | D:1      | HP: 3/13 [jackal (1)]
   155 | D:1      | Slain by a jackal

Vanquished Creatures
  2 jackals (D:1)
2 creatures vanquished.

Vanquished Creatures (collateral kills)
  A jackal (D:1)
1 creature vanquished.

Grand Total: 3 creatures vanquished

Table legend:
 A = Non-vault XP
 B = Vault XP
 C = Vault XP percentage of total XP
 D = Non-vault monster count
 E = Vault monster count
 F = Vault count percentage of total count
                 A         B        C        D         E       F
            +---------+---------+-------+---------+---------+-------
      Total |       6 |       0 |   0.0 |       3 |       0 |   0.0
            +---------+---------+-------+---------+---------+-------
        D:1 |       6 |       0 |   0.0 |       3 |       0 |   0.0
            +---------+---------+-------+---------+---------+-------

Illustrated notes

Table legend:
 A = Kills in this place as a percentage of kills in entire the game.
 B = Kills by you in this place as a percentage of kills by you in the entire game.
 C = Kills by friends in this place as a percentage of kills by friends in the entire game.
 D = Other kills in this place as a percentage of other kills in the entire game.
 E = Experience gained in this place as a percentage of experience gained in the entire game.
 F = Experience gained in this place divided by the number of levels of this place that you have seen.
                   A       B       C       D       E      F
               +-------+-------+-------+-------+-------+----------------------
         Total | 100.0 | 100.0 | 100.0 |   N/A | 100.0 |   6.0
       Dungeon | 100.0 | 100.0 | 100.0 |   N/A | 100.0 |   6.0
               +-------+-------+-------+-------+-------+----------------------

Table legend: (Time is in decaauts)
 A = Elapsed time spent in this place.
 B = Non-inter-level travel time spent in this place.
 C = Inter-level travel time spent in this place.
 D = Time resting spent in this place.
 E = Time spent auto-exploring this place.
 F = Levels seen in this place.
 G = Mean time per level.
                   A        B        C        D        E       F      G
               +--------+--------+--------+--------+--------+-----+--------+
         Total |    171 |    171 |      0 |      0 |    139 |   1 |  171.0 |
       Dungeon |    171 |    171 |      0 |      0 |    139 |   1 |  171.0 |
               +--------+--------+--------+--------+--------+-----+--------+

Top non-repeatable levels by time:
     D:1: 171 daAuts
